 Dungeon Crawl Stone Soup version 0.15-a0-1675-g4580af5 (console) character file.

156 Mac the Ruffian (level 5, -3/50 HPs)
             Began as a Troll Fighter on June 23, 2014.
             Slain by Sigmund
             ... wielding a +0 scythe
              (12 damage)
             ... on Level 5 of the Dungeon.
             The game lasted 00:02:57 (543 turns).

Mac the Ruffian (Troll Fighter)                      Turns: 543, Time: 00:02:57

HP  -3/50        AC  8     Str 25      XL: 5   Next: 14%
MP   2/2         EV  8     Int  4      God:
Gold 23          SH  8     Dex  9      Spells:  0 memorised,  4 levels left

rFire  . . .     SeeInvis .       - Unarmed
rCold  . . .     Clarity  .     b - +0 robe
rNeg   . . .     rCorr    .     c - +0 shield
rPois  .         rRot     .     (helmet restricted)
rElec  .         Spirit   .     p - +2 cloak
SustAb .         Warding  .     (gloves unavailable)
rMut   .         Stasis   .     (boots unavailable)
Gourm  +                        (no amulet)
MR     .....                    (no ring)
                                f - ring of regeneration

@: not resistant to hostile enchantments, very unstealthy
A: unfitting armour, claws 3, fast metabolism 3, gourmand, regeneration 2,
saprovore 2, shaggy fur 1, tough skin 2
a: no special abilities


You were on level 5 of the Dungeon.
You were very hungry.

You visited 1 branch of the dungeon, and saw 6 of its levels.

You collected 23 gold pieces.

Inventory:

Armour
 b - a +0 robe (worn)
 c - a +0 shield (worn)
 j - a +0 robe
 l - a +0 robe
 p - a +2 cloak (worn)
Magical devices
 n - a wand of flame (8)
Comestibles
 a - 2 meat rations
 i - a beef jerky
Scrolls
 d - 2 scrolls of remove curse {unknown}
 g - a scroll of fog {unknown}
 h - a scroll of noise {unknown}
 o - 2 scrolls of teleportation {unknown}
 q - a scroll of enchant weapon {unknown}
Jewellery
 f - a ring of regeneration (left claw)
Potions
 e - a potion of might
 k - a potion of heal wounds {unknown}
 m - a potion of agility {unknown}


   Skills:
 - Level 2.4 Fighting
 - Level 2.4 Dodging
 - Level 2.4 Shields
 + Level 5.4 Unarmed Combat


You had 4 spell levels left.
You didn't know any spells.

Dungeon Overview and Level Annotations

Branches:
Dungeon (6/15)
 Temple: D:4-7

Altars:
Zin

Annotations:
D:5 Sigmund


Innate Abilities, Weirdness & Mutations

You are too large for most types of armour.
You have claws for hands.
Your metabolism is lightning-fast.
You like to eat raw meat.
You heal very quickly.
You can eat rotten meat.
You are covered in fur (AC +1).
You have very tough skin (AC +2).


Message History

You are confused.
You miss something. Something hits you but does no damage.
You miss something. Something hits you!
You swing at nothing.
You completely miss something.
You feel less confused. Something hits you!
You scratch something. Something hits you!
You scratch something. You scratch something but do no damage.
You hear some strange, mumbled words.
The magic dart hits you!
You closely miss something.
You hear some strange, mumbled words.
The puff of flame hits you!
* * * LOW HITPOINT WARNING * * *
You miss something. Something hits you.
* * * LOW HITPOINT WARNING * * *
You scratch something. Something hits you!
You die...

#...#.........#
#...#.........#
##.....#.#######
#.....#...#
#.....#...#
#.....#...######..
#....##...../.....
######...##...######..
#.......>.@...#
...≈.########....?. .
######


There were no monsters in sight!

Vanquished Creatures
  A phantom (D:4)
  Crazy Yiuf (D:4)
  An adder (D:5)
  A worm (D:4)
  A giant gecko (D:4)
  A bat skeleton (D:4)
  A goblin (D:4)
  3 jackals (D:4)
  A quokka (D:4)
  A ball python (D:5)
  2 giant newts (D:2)
  2 rats
16 creatures vanquished.

Notes
Turn   | Place    | Note
--------------------------------------------------------------
     0 | D:1      | Mac, the Troll Fighter, began the quest for the Orb.
     0 | D:1      | Reached XP level 1. HP: 22/22 MP: 1/1
   168 | D:4      | Noticed a phantom
   221 | D:4      | Killed a phantom
   221 | D:4      | Reached skill level 4 in Unarmed Combat
   221 | D:4      | Reached XP level 2. HP: 14/29 MP: 1/1
   221 | D:4      | Reached XP level 3. HP: 17/36 MP: 2/2
   221 | D:4      | Reached XP level 4. HP: 20/44 MP: 2/2
   386 | D:4      | Reached skill level 5 in Unarmed Combat
   423 | D:4      | Noticed Crazy Yiuf
   429 | D:4      | Killed Crazy Yiuf
   429 | D:4      | Reached XP level 5. HP: 37/50 MP: 2/2
   464 | D:5      | Entered Level 5 of the Dungeon
   481 | D:5      | Noticed Sigmund
   517 | D:6      | Found a glowing silver altar of Zin.
   543 | D:5      | Slain by Sigmund

Action                   |  1- 3 |  4- 6 || total
-------------------------+-------+-------++-------
Melee: Unarmed           |    43 |    52 ||    95
Evoke: Wand              |       |     1 ||     1
